 Seeded DCSS version 0.32-a0-473-gd044c6f0f0 (webtiles) character file.

Game seed: 3342665431591073458 (custom seed)

3119 CougarLife the Geomancer (level 9, -3/45 HPs)
             Began as a Gargoyle Earth Elementalist on Feb 26, 2024.
             Was an Elder of Vehumet.
             Engulfed by a cloud of freezing vapour (14 damage)
             ... on level 8 of the Dungeon.
             The game lasted 00:10:33 (7341 turns).

CougarLife the Geomancer (GrEE)                     Turns: 7341, Time: 00:10:33

Health: -3/45      AC: 11    Str: 12    XL:     9   Next: 91%
Magic:  3/18       EV:  6    Int: 20    God:    Vehumet [****..]
Gold:   266        SH:  0    Dex: 10    Spells: 12/21 levels left

rFire   . . .        D - staff of conjuration
rCold   . . .        (no shield)
rNeg    + . .        a - +0 robe
rPois   ∞            n - +0 helmet
rElec   +            o - +0 cloak
rCorr   +            (no gloves)
SInv    .            C - +0 pair of boots
Will    .....        y - amulet of magic regeneration
Stlth   ++           m - ring of resist corrosion
HPRegen 0.27/turn    (no ring)
MPRegen 0.56/turn

%: no passive effects
@: very slightly contaminated, held
A: sickness immunity, AC +6, negative energy resistance 1, electricity
resistance, torment resistance 1, petrification resistance
a: Renounce Religion


You were on level 8 of the Dungeon.
You worshipped Vehumet.
Vehumet was greatly pleased with you.
You visited 1 branch of the dungeon, and saw 9 of its levels.
You also visited: Sewer and Ossuary.

You collected 320 gold pieces.
You spent 54 gold pieces at shops.

Inventory:

Armour
 a - a +0 robe (worn)
 n - a +0 helmet (worn)
 o - a +0 cloak (worn)
 C - a +0 pair of boots (worn)
 E - a +0 kite shield
Magical Staves
 D - a staff of conjuration (weapon)
Jewellery
 h - a ring of positive energy
 m - a ring of resist corrosion (left hand)
 y - an amulet of magic regeneration (around neck)
Wands
 i - a wand of polymorph (7)
Scrolls
 c - 6 scrolls of teleportation {unknown}
 d - 10 scrolls of identify {unknown}
 f - a scroll of poison {unknown}
 j - a scroll of brand weapon {unknown}
 l - 2 scrolls of amnesia {unknown}
 p - a scroll of enchant weapon {unknown}
 r - a scroll of revelation {unknown}
 s - a scroll of noise {unknown}
 t - 2 scrolls of blinking {unknown}
 v - 2 scrolls of immolation {unknown}
 w - 2 scrolls of fear {unknown}
 z - 3 scrolls of fog {unknown}
 B - a scroll of acquirement {unknown}
 F - a scroll of enchant armour {unknown}
 G - a scroll of vulnerability {unknown}
 H - a scroll of torment {unknown}
 J - a scroll of silence {unknown}
Potions
 b - 2 potions of degeneration {unknown}
 e - 4 potions of heal wounds {unknown}
 g - 3 potions of lignification {unknown}
 k - 6 potions of might {unknown}
 q - 4 potions of curing {unknown}
 u - 4 potions of enlightenment {unknown}
 x - 3 potions of invisibility {unknown}
 A - 2 potions of haste {unknown}
 I - a potion of magic


   Skills:
 - Level 1.5 Dodging
 - Level 2.1 Stealth
 + Level 6.6 Spellcasting
 * Level 8.6 Conjurations
 * Level 4.1 Air Magic
 + Level 9.0 Earth Magic


You had 12 spell levels left.
You knew the following spells:

 Your Spells              Type           Power      Damage    Failure   Level
a - Sandblast             Erth           84%        2d18      1%          1
b - Stone Arrow           Conj/Erth      100%       3d13      1%          3
c - Freezing Cloud        Conj/Ice/Air   17%        6-21      13%         5

Your spell library contained the following spells:

 Spells                   Type           Power      Damage    Failure   Level
 Sticky Flame             Fire/Alch      6%         2d4       24%         4
 Shock                    Conj/Air       100%       1d9       1%          1
 Sting                    Conj/Alch      100%       1d9       1%          1
 Passwall                 Erth           42%        N/A       1%          3
 Brom's Barrelling Bould  Conj/Erth      58%        2d7       1%          4
 Swiftness                Air            23%        N/A       5%          3
 Airstrike                Air            11%        2d(2-18)  5%          4
 Apportation              Tloc           12%        N/A       10%         1
 Necrotise                Necr           24%        1d5       10%         1
 Summon Small Mammal      Summ           24%        N/A       10%         1
 Ensorcelled Hibernation  Hex/Ice        12%        N/A       16%         2
 Petrify                  Alch/Erth      24%        N/A       16%         4
 Ignite Poison            Fire/Alch      6%         N/A       24%         4
 Cigotuvi's Dreadful Rot  Necr/Alch/Air  Unusable   N/A       N/A         2

Dungeon Overview and Level Annotations

Branches:
Dungeon (9/15)              Sewer (visited)         Ossuary (visited)
 Temple: D:4-7         Lair: D:8-11         Orc: D:9-12

Altars:
Elyvilon
Uskayaw
Vehumet

Shops:
D:5 [

Annotations:
D:3 3 runed translucent doors, Asceticacid's ghost, weakling OpSh


Innate Abilities, Weirdness & Mutations

You are immune to sickness and miasma.
Your stone body is resilient. (AC +6)
You are immune to poison.
You resist negative energy. (rN+)
You are resistant to electric shocks. (rElec)
You are resistant to unholy torment.
You are immune to petrification.


Message History

The wight is engulfed in freezing vapours.
The gnoll bouda shoots a bolt.
The bolt hits you!
Casting: Freezing Cloud (quite dangerous; 13% risk of failure)
Confirm with . or Enter, or press ? or * to list all spells.
Aiming: Freezing Cloud (quite dangerous; 13% risk of failure)
Press: ? - help, Dir - move target You feel a surge of power!
The wight is engulfed in freezing vapours. x2
The gnoll bouda is engulfed in freezing vapours.
The gnoll bouda shoots a bolt.
The bolt barely misses you.
Casting: Freezing Cloud (quite dangerous; 13% risk of failure)
Confirm with . or Enter, or press ? or * to list all spells.
Aiming: Freezing Cloud (quite dangerous; 13% risk of failure)
Press: ? - help, Dir - move target, f - gnoll
Aim: a gnoll, wielding a +0 spear You feel a surge of power!
You are engulfed in freezing vapours.
The water moccasin is engulfed in freezing vapours.
The water moccasin seems to slow down.
The wight is engulfed in freezing vapours.
The gnoll is engulfed in freezing vapours.
You kill the gnoll!
Vehumet accepts your kill.
You feel your power returning.
The wight is engulfed in freezing vapours.
The gnoll bouda is engulfed in freezing vapours.
You kill the gnoll bouda!
Vehumet accepts your kill.
The gnoll bouda is engulfed in freezing vapours.
You struggle against the net.
You are engulfed in freezing vapours.
* * * LOW HITPOINT WARNING * * *
The water moccasin is engulfed in freezing vapours.
The water moccasin seems to slow down.
A gnoll comes into view. It is wielding a +0 club.
The wight is engulfed in freezing vapours. x2
The gnoll bouda is engulfed in freezing vapours.
You kill the gnoll bouda!
Vehumet accepts your kill.
You struggle against the net.
You are engulfed in freezing vapours.
You die... ........ .##..... §§g... ........ §§§.. .###### §○§. ..#### #zS

#....# #z# ..##.#
###§######.
..##.#########§§§§.....§
................@§[.☼§○.
..##......#########.§§§§
..##).....# #§.
..##......# .. ##.#...#
#.#...# #.#.... #.#.....


You could see a water moccasin (slow), 2 wights and a gnoll (wandering).

Vanquished Creatures
  A two-headed ogre (D:7)
  A hornet (D:7)
  An ice beast (D:5)
  2 orc warriors (D:5)
  An ogre (D:4)
  A centaur (D:6)
  2 phantoms
  Blork the orc (D:5)
  3 bullfrogs
  9 scorpions
  2 jellies (D:5)
  A bombardier beetle (D:4)
  A centaur zombie (Ossuary)
  2 human zombies (Ossuary)
  4 hounds
  An orc priest (D:3)
  Crazy Yiuf (D:2)
  A sleepcap (D:4)
  2 gnoll boudas (D:8)
  2 iguanas
  A scorpion zombie (Ossuary)
  Natasha (thrice) (D:2)
  An orc wizard (D:6)
  3 mummies (Ossuary)
  Robin (D:2)
  2 gnolls (D:8)
  A river rat (D:6)
  8 adders
  A white imp (D:5)
  2 ufetubi (D:7)
  3 adder zombies (Ossuary)
  2 ribbon worms
  3 dart slugs
  10 orcs
  18 ball pythons
  9 endoplasms
  5 giant cockroaches
  3 gnoll zombies (Ossuary)
  10 goblins
  7 hobgoblins
  4 jackals (D:1)
  4 kobolds
  5 quokkas
  A ball python zombie (Ossuary)
  7 bats
  3 frilled lizards
  4 jackal zombies (Ossuary)
  4 orc zombies (Ossuary)
  33 rats
197 creatures vanquished.

Notes
Turn   | Place    | Note
-------+----------+-------------------------------------------
     0 | D:1      | CougarLife the Gargoyle Earth Elementalist began the quest
                  | for the Orb.
     0 | D:1      | Reached XP level 1. HP: 10/10 MP: 3/3
    81 | D:1      | Reached XP level 2. HP: 15/15 MP: 1/5
   431 | D:1      | Reached skill level 4 in Earth Magic
   624 | D:1      | Reached XP level 3. HP: 14/19 MP: 4/6
   855 | D:1      | Learned a level 3 spell: Stone Arrow
   877 | D:2      | Found a radiant altar of Vehumet.
   908 | D:2      | Became a worshipper of Vehumet
   991 | D:2      | Noticed Natasha
   999 | D:2      | Killed Natasha
  1000 | D:2      | Reached XP level 4. HP: 17/24 MP: 0/8
  1135 | D:2      | Noticed Natasha
  1150 | D:2      | Killed Natasha
  1385 | D:2      | Noticed Robin
  1440 | D:2      | Noticed Natasha
  1444 | D:2      | Killed Natasha
  1445 | D:2      | Reached XP level 5. HP: 23/28 MP: 6/9
  1483 | D:2      | Found a runed translucent door.
  1484 | D:2      | Noticed Crazy Yiuf
  1754 | D:2      | Killed Robin
  1755 | D:2      | Reached skill level 5 in Earth Magic
  1888 | D:2      | Killed Crazy Yiuf
  1939 | D:2      | Reached * piety under Vehumet
  1939 | D:2      | Offered knowledge of Freeze by Vehumet.
  2146 | D:3      | Reached XP level 6. HP: 12/32 MP: 4/11
  2395 | D:3      | Found a runed translucent gate.
  2396 | D:3      | Found a runed translucent gate.
  2397 | D:3      | Found a runed translucent gate.
  2401 | D:3      | Noticed Asceticacid's ghost (weakling OpSh)
  2585 | D:3      | Found a faded altar of an unknown god.
  2959 | D:4      | Found a sand-covered staircase.
  2963 | Ossuary  | Entered an ossuary
  3087 | Ossuary  | Reached ** piety under Vehumet
  3088 | Ossuary  | Reached skill level 6 in Earth Magic
  3092 | Ossuary  | Offered knowledge of Mercury Vapours by Vehumet.
  3185 | Ossuary  | Reached XP level 7. HP: 36/36 MP: 10/13
  3322 | Ossuary  | Reached skill level 5 in Conjurations
  3488 | Ossuary  | Reached skill level 5 in Spellcasting
  3488 | Ossuary  | Reached skill level 7 in Earth Magic
  3488 | Ossuary  | Reached XP level 8. HP: 41/41 MP: 13/15
  3976 | D:4      | Got the Handbook of Tephra and Chilblains
  4897 | D:5      | Entered Level 5 of the Dungeon
  5135 | D:5      | Found Conizxei's Armour Shoppe.
  5136 | D:5      | Offered knowledge of Hailstorm by Vehumet.
  5313 | D:5      | Reached skill level 8 in Earth Magic
  5566 | D:5      | Reached skill level 1 in Air Magic
  5685 | D:5      | Noticed Blork the orc
  5689 | D:5      | Killed Blork the orc
  5936 | D:5      | Bought a +0 kite shield for 54 gold pieces
  6137 | D:6      | Reached XP level 9. HP: 39/45 MP: 13/18
  6170 | D:6      | Reached *** piety under Vehumet
  6200 | D:6      | Found a glowing drain.
  6207 | Sewer    | Entered a sewer
  6363 | Sewer    | Offered knowledge of Sticky Flame by Vehumet.
  6902 | D:6      | Found a white marble altar of Elyvilon.
  7157 | D:7      | Noticed a two-headed ogre
  7162 | D:7      | Killed a two-headed ogre
  7169 | D:7      | Learned a level 5 spell: Freezing Cloud
  7194 | D:7      | Noticed a +0 hand axe
  7195 | D:7      | Noticed a +0 hand axe
  7202 | D:7      | Found a hide-covered altar of Uskayaw.
  7219 | D:7      | Noticed a hornet
  7224 | D:7      | Killed a hornet
  7224 | D:7      | Reached **** piety under Vehumet
  7228 | D:7      | Reached skill level 9 in Earth Magic
  7295 | D:7      | You fall into a shaft and drop 2 floors!
  7341 | D:8      | Engulfed by a cloud of freezing vapour

Illustrated notes

Levels and vault maps discovered:
D:1:      minmay_arrival_stair_chambers, layout_loops_cross
D:2:      layout_basic, basic_altar, chequers_serial_rivers_marsh, uniq_robin,
          uniq_natasha, uniq_crazy_yiuf_cottage
D:3:      layout_basic, gammafunk_ghost_nasty_kobolds,
          ebering_ecumenical_altar_webs, nrook_mini_vaults, minmay_fountain_box,
          minmay_cupped
D:4:      layout_layer_cave, enter_ossuary_5
D:5:      layout_gridville, serial_shops, shop, uniq_blork_the_orc
D:6:      layout_loops_ring, elyvilon_altar_3, gup_sewer_entry_bubbles
D:7:      layout_cave_pools, dancing_weapons_uskayaw, temple_fountains
D:8:      layout_basic, minmay_overflow_temple_star_quad, enter_bailey_7,
          nicolae_grassy_gnolls, uniq_maurice
D:9:      layout_basic, david_orc_3, serial_shops, kennysheep_mini,
          uniq_jeremiah, uniq_maggie

Skill      XL: |  1  2  3  4  5  6  7  8  9 |
---------------+----------------------------+-----
Earth Magic    | 4 5 6 7 8 9 |  9.0
Conjurations   | 2 3 4 5 7 8 |  8.6
Spellcasting   | 3 4 5 6 |  6.6
Air Magic      | 1 4 |  4.1
Dodging        | |  1.5
Stealth        | |  2.1

Action                     |  1- 3 |  4- 6 |  7- 9 || total
---------------------------+-------+-------+-------++-------
  Melee: Mace              |     7 |    22 |     7 ||    36
         Staff             |       |       |     4 ||     4
   Cast: Sandblast         |    35 |    84 |   127 ||   246
         Stone Arrow       |       |     6 |    23 ||    29
         Freezing Cloud    |       |       |     6 ||     6
    Use: Potion            |       |     1 |       ||     1
 Armour: Robe              |    13 |    56 |    49 ||   118
  Dodge: Dodged            |     9 |    64 |    33 ||   106

Table legend: (Time is in decaauts)
 A = Elapsed time spent in this place.
 B = Non-inter-level travel time spent in this place.
 C = Inter-level travel time spent in this place.
 D = Time resting spent in this place.
 E = Time spent auto-exploring this place.
 F = Levels seen in this place.
 G = Mean time per level.
                   A        B        C        D        E       F      G
               +--------+--------+--------+--------+--------+-----+--------+
         Total |   7547 |   7219 |    328 |   1073 |   4690 |  11 |  686.1 |
       Dungeon |   6293 |   5965 |    328 |    452 |   4490 |   9 |  699.2 |
         Sewer |    387 |    387 |      0 |    129 |    141 |   1 |  387.0 |
       Ossuary |    866 |    866 |      0 |    492 |     58 |   1 |  866.0 |
               +--------+--------+--------+--------+--------+-----+--------+

Top non-repeatable levels by time:
     D:5: 1245 daAuts
     D:2: 1171 daAuts
     D:4: 1153 daAuts
     D:3: 927 daAuts
     D:1: 869 daAuts
 Ossuary: 866 daAuts
     D:6: 732 daAuts
   Sewer: 387 daAuts
     D:7: 147 daAuts
     D:8: 40 daAuts
     D:9: 4 daAuts
